 Dungeon Crawl Stone Soup version 0.24.0-1-gfbc8707122 (webtiles) character file.

Game seed: 4720179543088247102, levelgen mode: deterministic

763 Esekla the Cutter (level 7, -3/32 HPs)
             Began as a Vampire Wizard on Oct 28, 2019.
             Was a Priest of Lugonu.
             Slain by a phantom (7 damage)
             ... on level 4 of the Dungeon.
             The game lasted 00:38:13 (5034 turns).

Esekla the Cutter (Vampire Wizard)                  Turns: 5034, Time: 00:38:13

Health: -3/32      AC: 10    Str:  8    XL:     7   Next: 51%
Magic:  3/11       EV: 11    Int: 20    God:    Lugonu [***...]
Gold:   152        SH:  0    Dex: 15    Spells: 8/12 levels left

rFire    . . .     SeeInvis +   e - +2 dagger (freeze)
rCold    + + .     Gourm    .   (no shield)
rNeg     + + +     Faith    .   l - +4 ring mail
rPois    ∞         Spirit   .   b - +0 hat
rElec    .         Reflect  .   (no cloak)
rCorr    .         Harm     .   h - +0 pair of gloves
MR       .....                  (no boots)
Stlth    ++++......             (no amulet)
HPRegen  0.00/turn              k - +2 ring of dexterity
MPRegen  0.12/turn              (no ring)

@: very slightly contaminated, bloodless, regenerating quickly
A: no food, fangs 3, see invisible, [frail 1], unbreathing
a: Bat Form, Revivify, Depart the Abyss, Bend Space, Banish, Renounce Religion


You were on level 4 of the Dungeon.
You worshipped Lugonu.
Lugonu was most pleased with you.
You were bloodless.

You visited 1 branch of the dungeon, and saw 5 of its levels.
You visited the Abyss 1 time.
You also visited: Ossuary.

You collected 152 gold pieces.

Inventory:

Hand Weapons
 d - a +0 hand axe of distortion
 e - a +2 dagger of freezing (weapon)
 i - a +0 spear
 o - a +1 dagger of venom
Missiles
 p - 25 poisoned darts (quivered)
Armour
 a - a +0 robe
 b - a +0 hat (worn)
 h - a +0 pair of gloves (worn)
 l - a +4 ring mail (worn)
 q - a +0 helmet
Jewellery
 k - a +2 ring of dexterity (left hand)
Scrolls
 f - a scroll of torment {unknown}
 g - 2 scrolls of teleportation
 j - a scroll of remove curse
 s - a scroll of amnesia {unknown}
Potions
 c - 2 potions of heal wounds {unknown}
 m - 2 potions of brilliance {unknown}
 n - 3 potions of berserk rage
 r - a potion of magic {unknown}
 t - 3 potions of lignification
 u - 2 potions of curing
 w - a potion of ambrosia {unknown}
 x - a potion of flight {unknown}


   Skills:
 * Level 5.6 Short Blades
 + Level 0.3 Axes
 + Level 1.0 Armour
 + Level 4.1 Dodging
 - Level 4.0 Stealth
 + Level 3.2 Spellcasting
 + Level 0.9 Conjurations
   Level 1.0 Summonings
   Level 0.7 Translocations
 * Level 2.6 Air Magic
 * Level 2.0 Poison Magic
 * Level 1.8 Invocations


You had 8 spell levels left.
You knew the following spells:

 Your Spells              Type           Power        Failure   Level  Hunger
a - Magic Dart            Conj           #...         28%         1    N/A
c - Mephitic Cloud        Conj/Pois/Air  ##......     52%         3    N/A

Your spell library contained the following spells:

 Spells                   Type           Power        Failure   Level  Hunger
 Call Imp                 Summ           #.......     41%         2    N/A
 Blink                    Tloc           N/A          43%         2    N/A
 Slow                     Hex            #.......     54%         2    N/A
 Sublimation of Blood     Necr           #.........   54%         2    N/A
 Ignite Poison            Fire/Tmut/Pois #.......     69%         3    N/A
 Conjure Flame            Conj/Fire      #.......     71%         3    N/A
 Petrify                  Tmut/Erth      #.......     99%         4    N/A
 Alistair's Intoxication  Tmut/Pois      #.......     100%        5    N/A
 Irradiate                Conj/Tmut      #.........   100%        5    N/A

Dungeon Overview and Level Annotations

Branches:
Dungeon (5/15)            Ossuary (visited)
 Temple: D:4-7

Altars:
Cheibriados
Makhleb
Ru
Vehumet
Xom
Zin

Annotations:
D:4 Dowan


Innate Abilities, Weirdness & Mutations

You do not eat.
You do not regenerate when monsters are visible.
You are frail without blood (-20% HP).
You can heal yourself when you bite living creatures.
You are immune to poison.
You have razor-sharp teeth.
You have supernaturally acute eyesight. (SInv)
You can survive without breathing.
[You are frail. (-10% HP)]


Message History

The phantom barely misses you.
You hit the phantom but do no damage.
The phantom is almost destroyed.
The phantom hits you.
* * * LOW HITPOINT WARNING * * *
You hit the phantom but do no damage.
The phantom is almost destroyed.
You barely miss the phantom.
The phantom is almost destroyed.
The phantom hits you.
* * * LOW HITPOINT WARNING * * *
Casting: Magic Dart (safe; 28% risk of failure)
Confirm with . or Enter, or press ? or * to list all spells.
Aiming: Magic Dart (safe; 28% risk of failure)
Press: ? - help, Shift-Dir - straight line, f/p - phantom
Aim: a phantom (almost destroyed)
The magic dart hits the phantom.
The phantom is almost destroyed.
The phantom hits you!
You die...

#..#.......#..#
#..#.......#..#
####
#......_......#
...######
#..#.......#.##
.........
##.#^......#.#
.<........########
#.##.....##.#
...W.............#
#.####.####.#
.................#
#...........#
.#####.........W@#
##...######## .#
#....?..##.##
#..># .#
#.......##.# #...#
.# #......###.#
#...# .# #...)..
#.# #...# #......
#.# #...# #......
#.# #...# #####
#.# ###.# #.# #.#


You could see a phantom.

Vanquished Creatures
  Prince Ribbit (D:5)
  Duvessa (D:4)
  2 water moccasin zombies (Ossuary)
  A howler monkey (D:4)
  A worker ant (D:5)
  3 big kobold zombies (Ossuary)
  3 mummies
  Robin (D:3)
  5 adders
  An ooze (D:2)
  9 adder zombies (Ossuary)
  A worm (D:2)
  4 leopard geckos
  6 orcs
  2 ball pythons
  12 bats
  A giant cockroach (D:3)
  A gnoll zombie (Ossuary)
  16 goblins
  9 hobgoblins
  8 jackals
  2 quokkas
  3 frilled lizards (D:2)
  A goblin zombie (D:5)
  5 hobgoblin zombies
  9 kobolds
  6 kobold zombies (Ossuary)
  5 orc zombies (Ossuary)
  10 rats
129 creatures vanquished.

Vanquished Creatures (others)
  A kobold zombie (Ossuary)
  5 toadstools (D:1)
6 creatures vanquished.

Grand Total: 135 creatures vanquished

Notes
Turn   | Place    | Note
-------+----------+-------------------------------------------
     0 | D:1      | Esekla the Vampire Wizard began the quest for the Orb.
     0 | D:1      | Reached XP level 1. HP: 13/13 MP: 4/4
   196 | D:2      | Found a shimmering altar of Xom.
   204 | D:2      | Reached XP level 2. HP: 13/15 MP: 6/6
   348 | D:2      | Cast into level 1 of the Abyss (a distortion unwield)
   356 | Abyss:1  | Noticed a large abomination
   367 | Abyss:1  | Noticed a large abomination
   404 | Abyss:1  | Found a corrupted altar of Lugonu.
   407 | Abyss:1  | Noticed a neqoxec
   414 | Abyss:1  | Became a worshipper of Lugonu the Unformed
   414 | Abyss:1  | Reached * piety under Lugonu
   437 | Abyss:1  | Noticed an eye of devastation
   446 | Abyss:1  | Noticed an ancient zyme
   465 | Abyss:1  | Noticed a ynoxinul
   465 | Abyss:1  | Noticed a small abomination
   538 | Abyss:1  | Noticed a red very ugly thing
   544 | Abyss:1  | Noticed a hellwing
   555 | Abyss:1  | Noticed a small abomination
   571 | Abyss:1  | Noticed a small abomination
   639 | Abyss:1  | Noticed a large abomination
   645 | Abyss:1  | Noticed a raiju
   645 | Abyss:1  | Noticed a raiju
   645 | Abyss:1  | Noticed a raiju
   661 | Abyss:1  | Noticed an eye of devastation
   663 | D:2      | Escaped the Abyss
   732 | D:2      | Reached skill level 1 in Short Blades
   734 | D:2      | Reached XP level 3. HP: 12/19 MP: 7/7
   739 | D:2      | Learned a level 3 spell: Mephitic Cloud
  1690 | D:3      | Noticed Robin
  1701 | D:2      | Reached XP level 4. HP: 22/24 MP: 8/8
  1799 | D:2      | Found a snail-covered altar of Cheibriados.
  1955 | D:2      | Reached skill level 2 in Short Blades
  2209 | D:3      | Reached ** piety under Lugonu
  2356 | D:3      | Killed Robin
  2356 | D:3      | Reached skill level 1 in Air Magic
  2557 | D:1      | Reached XP level 5. HP: 28/28 MP: 9/9
  3018 | D:4      | Noticed a phantom
  3475 | D:3      | Found a glowing silver altar of Zin.
  3638 | D:4      | Found a sacrificial altar of Ru.
  3678 | D:4      | Reached skill level 3 in Short Blades
  3692 | D:5      | Entered Level 5 of the Dungeon
  3703 | D:5      | Reached skill level 1 in Poison Magic
  3779 | D:5      | Found a radiant altar of Vehumet.
  3862 | D:5      | Found a burning altar of Makhleb.
  3877 | D:5      | Noticed Prince Ribbit
  3881 | D:5      | Found a sand-covered staircase.
  4050 | Ossuary  | Entered an ossuary
  4212 | Ossuary  | Reached skill level 1 in Invocations
  4215 | Ossuary  | Reached *** piety under Lugonu
  4217 | Ossuary  | Reached XP level 6. HP: 21/32 MP: 10/10
  4351 | Ossuary  | Reached skill level 4 in Short Blades
  4831 | D:5      | Killed Prince Ribbit
  4831 | D:5      | Reached skill level 5 in Short Blades
  4831 | D:5      | Reached XP level 7. HP: 41/41 MP: 11/11
  4947 | D:4      | Noticed Dowan
  4952 | D:4      | Noticed Duvessa
  4955 | D:4      | Killed Duvessa
  4955 | D:4      | Reached skill level 1 in Armour
  5034 | D:4      | Slain by a phantom

Levels and vault maps discovered:
D:1:      ldierk_walled_garden, layout_loops_corners
D:2:      layout_rooms, xom_teletrap_fun, lemuel_round_altar, first_ration
D:3:      layout_basic, lemuel_coloured_pillars_altar, uniq_robin
D:4:      layout_basic, old_standard_altar, lemuel_statue_altar, uniq_duvessa
D:5:      layout_basic, lemuel_round_altar, marbit_many_paths,
          nicolae_ossuary_entry_giza, uniq_prince_ribbit1, uniq_grinder,
          uniq_crazy_yiuf_cottage

Skill      XL: |  1  2  3  4  5  6  7 |
---------------+----------------------+-----
Stealth        | 4 |  4.0
Short Blades   | 1 2 3 5 |  5.6
Dodging        | 3 4 |  4.1
Air Magic      | 1 2 |  2.6
Poison Magic   | 1 2 |  2.0
Invocations    | 1 |  1.8
Armour         | 1 |  1.0
Axes           | |  0.3
Spellcasting   | |  3.2
Conjurations   | |  0.9
Summonings     | |  1.0
Translocations | |  0.7

Action                   |  1- 3 |  4- 6 |  7- 9 || total
-------------------------+-------+-------+-------++-------
Melee: Hand axe          |    10 |    61 |     2 ||    73
       Dagger            |    80 |   201 |    53 ||   334
       Bite              |     4 |    19 |     4 ||    27
Throw: Dart              |       |     1 |       ||     1
 Cast: Magic Dart        |     6 |     1 |     7 ||    14
       Mephitic Cloud    |       |     1 |       ||     1
Invok: Depart the Abyss  |     1 |       |       ||     1
 Abil: Exsanguinate      |     1 |       |     1 ||     2
       Revivify          |       |     1 |       ||     1
  Use: Scroll            |       |     7 |       ||     7
       Potion            |       |     1 |       ||     1
 Stab: Sleeping          |    11 |    20 |     3 ||    34
       Confused          |       |     1 |       ||     1
Armor: Robe              |    20 |    34 |       ||    54
       Ring mail         |       |    27 |    10 ||    37
Dodge: Dodged            |    50 |   112 |    16 ||   178
